Map: Ephemeron LE

Players

Clem - Winner!

  • Race: Terran Terran
  • League: Master
  • Spawn Location: 5:00

Neeblet (Neeb)

  • Race: Protoss Protoss
  • Spawn Location: 11:00

VOD

Have the link to the VOD?

Description

Time

  • Played on: Jan. 14, 2020, 1:33 p.m.
  • Length: 10:40
Show
View Real Time Build Order
Export as new Build Order

Clem Terran - Winner!

Build Orders:  

Get SALT Encoding   

  12  0:00  SCV  
  13  0:12  SCV  
  14  0:17  Supply Depot  
  14  0:24  SCV  
  15  0:39  SCV  
  15  0:40  Barracks  
  16  0:44  Refinery  
  16  0:51  SCV  
  17  1:03  SCV  
  18  1:15  SCV  
  19  1:27  Marine  
  19  1:28  Orbital Command  
  20  1:46  Barracks Tech Lab  
  20  1:47  Command Center  
  20  1:58  Supply Depot  
  20  2:05  Factory  
  20  2:12  Marauder  
  20  2:15  SCV  
  23  2:20  Concussive Shells  
  23  2:26  Refinery  
  23  2:28  SCV  
  24  2:34  Marauder  
  26  2:40  SCV  
  27  2:49  Hellion  
  29  2:53  SCV  
  29  2:55  Marine  
  31  3:00  Orbital Command  
  31  3:09  Starport  
  31  3:12  Factory Tech Lab  
  31  3:20  SCV  
  31  3:21  Barracks Reactor  
  32  3:30  SCV  
  32  3:33  Cyclone  
  35  3:34  SCV  
  36  3:45  Bunker  
  36  3:46  SCV  
  36  3:47  SCV  
  36  3:57  Marine x2  
  36  3:58  SCV  
  36  3:59  SCV  
  39  4:07  Cloaking Field, Banshee  
  40  4:10  SCV  
  40  4:12  SCV, Supply Depot  
  40  4:15  Marine x2  
  44  4:23  SCV  
  44  4:24  SCV  
  46  4:34  Marine x2, Supply Depot, Siege Tank  
  46  4:35  SCV  
  52  4:39  SCV  
  53  4:45  Command Center  
  53  4:54  Supply Depot  
  53  4:55  Banshee  
  53  4:56  Marine x2  
  53  4:59  SCV x2  
  60  5:11  SCV x2  
  62  5:15  Marine x2  
  62  5:16  Siege Tank  
  62  5:17  Supply Depot  
  67  5:21  Barracks  
  67  5:24  Barracks  
  67  5:25  SCV  
  68  5:33  Marine x2  
  70  5:37  Supply Depot  
  70  5:39  SCV x2  
  70  5:42  Supply Depot  
  72  5:49  Starport Reactor  
  75  5:50  Siege Tank  
  75  5:55  SCV  
  75  5:56  SCV, Refinery  
  77  5:57  Refinery  
  77  6:03  Stimpack  
  77  6:04  Orbital Command  
  77  6:07  SCV  
  77  6:10  SCV  
  79  6:14  Barracks Tech Lab  
  79  6:16  Marauder  
  76  6:19  SCV  
  76  6:25  SCV  
  75  6:26  Engineering Bay  
  75  6:27  Marine x2, Orbital Command, Engineering Bay  
  77  6:33  Combat Shield  
  77  6:34  Marauder  
  77  6:35  SCV  
  77  6:37  SCV, Marauder  
  77  6:39  Supply Depot  
  83  6:44  Marine x2  
  82  6:49  Barracks  
  82  6:52  Factory Reactor  
  82  6:53  Barracks  
  82  6:54  SCV x2  
  82  6:56  SCV  
  82  7:00  Marauder  
  82  7:01  Marauder  
  89  7:05  Terran Infantry Weapons Level 1, Terran Infantry Armor Level 1  
  89  7:06  SCV  
  89  7:08  Marine x2  
  92  7:15  Supply Depot  
  92  7:16  SCV x2  
  92  7:20  Medivac  
  92  7:21  Marine, Medivac  
  92  7:22  Marauder  
  101  7:26  Marine  
  102  7:33  SCV x2  
  102  7:36  SCV  
  105  7:37  Marine, Refinery  
  105  7:40  Supply Depot  
  105  7:41  Marauder x2  
  105  7:42  Refinery  
  110  7:46  SCV  
  110  7:47  Starport  
  110  7:49  Marine x2  
  110  7:50  Factory Reactor  
  113  7:52  SCV x2  
  113  7:53  Supply Depot  
  113  7:55  Marine x2  
  113  7:56  Marauder  
  113  7:58  Viking x2  
  122  7:59  SCV  
  122  8:02  Marauder  
  125  8:05  Marine  
  125  8:06  SCV x2, Supply Depot  
  125  8:10  Marine x2  
  130  8:13  Supply Depot  
  130  8:15  Marine x2  
  130  8:19  SCV x2  
  135  8:20  SCV  
  135  8:21  Armory  
  135  8:25  Ghost Academy  
  135  8:31  Medivac x2  
  135  8:33  Marine x2  
  143  8:34  Marauder  
  143  8:37  Marine x2  
  143  8:39  Viking x2  
  149  8:44  SCV  
  149  8:45  SCV  
  149  8:46  Supply Depot x2  
  151  8:51  Command Center  
  151  9:00  Ghost x2  
  151  9:01  Ghost  
  157  9:05  Marine  
  157  9:07  Marine x3  
  157  9:09  Supply Depot  
  159  9:21  Supply Depot  
  159  9:22  Viking  
  159  9:23  Marine  
  161  9:25  Marine x3  
  161  9:29  Marine  
  161  9:31  Supply Depot, Missile Turret  
  165  9:32  Missile Turret  
  165  9:38  Barracks, Viking x2  
  169  9:39  Barracks x2  
  169  9:44  Marine x4  
  173  9:46  Supply Depot  
  173  9:47  Marauder  
  172  9:55  Viking x2  
  172  9:56  Marauder x2  
  172  9:59  Supply Depot  
  180  10:08  Marauder  
  180  10:09  Marine x4  
  186  10:17  Marauder  
  186  10:18  Marine  
  159  10:22  SCV  
Show
View Real Time Build Order
Export as new Build Order

Neeblet Protoss 

Build Orders: 1 Gate Expand, Colossus Rush 

Get SALT Encoding   

  12  0:00  Probe  
  13  0:12  Probe  
  14  0:17  Pylon  
  14  0:25  Probe (Chrono Boost)  
  15  0:37  Probe (Chrono Boost), Gateway  
  16  0:43  Probe (Chrono Boost)  
  16  0:46  Assimilator  
  17  0:51  Probe  
  18  1:03  Probe  
  19  1:15  Probe  
  20  1:22  Nexus  
  20  1:33  Cybernetics Core  
  20  1:36  Probe  
  21  1:40  Assimilator  
  21  1:48  Probe  
  21  1:49  Pylon  
  22  2:00  Probe (Chrono Boost)  
  23  2:06  Stalker (Chrono Boost)  
  23  2:10  Probe (Chrono Boost)  
  23  2:15  Probe (Chrono Boost)  
  26  2:16  Robotics Facility  
  27  2:27  Warp Gate  
  27  2:29  Probe (Chrono Boost), Adept  
  30  2:34  Probe (Chrono Boost)  
  31  2:43  Probe x2 (Chrono Boost)  
  33  2:48  Probe (Chrono Boost)  
  33  2:51  Probe  
  35  2:59  Stalker  
  35  3:00  Probe  
  35  3:03  Probe, Observer (Chrono Boost)  
  40  3:08  Pylon  
  40  3:12  Probe  
  41  3:15  Probe  
  42  3:21  Observer (Chrono Boost)  
  42  3:23  Gateway  
  42  3:24  Probe  
  42  3:25  Gateway  
  44  3:27  Probe  
  45  3:36  Probe, Observer  
  45  3:37  Stalker (Chrono Boost)  
  45  3:39  Probe  
  47  3:49  Probe  
  47  3:51  Probe  
  45  4:00  Observer  
  45  4:01  Probe  
  47  4:03  Probe  
  48  4:13  Probe  
  48  4:16  Probe  
  50  4:19  Nexus  
  50  4:21  Pylon  
  50  4:22  Observer  
  50  4:25  Sentry, Stalker  
  50  4:27  Assimilator  
  50  4:28  Assimilator  
  54  4:33  Pylon  
  54  4:39  Probe x2  
  54  4:40  Observer  
  55  4:46  Pylon, Stalker  
  55  4:50  Stalker x2  
  55  4:51  Probe x2  
  63  4:59  Observer, Shield Battery  
  63  5:03  Probe x2, Observer  
  63  5:05  Shield Battery  
  66  5:12  Robotics Bay  
  66  5:15  Probe x2  
  66  5:18  Pylon  
  68  5:24  Shield Battery  
  68  5:27  Probe x2  
  70  5:31  Immortal (Chrono Boost)  
  70  5:35  Probe  
  75  5:39  Probe x2  
  75  5:41  Stalker x2  
  81  5:45  Stalker  
  81  5:48  Probe  
  84  5:54  Pylon  
  86  5:59  Colossus (Chrono Boost)  
  92  6:04  Zealot  
  92  6:05  Zealot, Shield Battery  
  92  6:08  Zealot  
  96  6:11  Probe  
  96  6:12  Probe  
  99  6:18  Probe  
  99  6:23  Probe, Extended Thermal Lance  
  99  6:24  Probe, Twilight Council, Observer  
  100  6:30  Probe  
  100  6:35  Probe  
  100  6:36  Probe  
  100  6:39  Stalker  
  104  6:40  Stalker  
  104  6:41  Stalker  
  104  6:42  Probe  
  104  6:45  Assimilator x2  
  109  6:49  Pylon  
  109  6:50  Pylon x2  
  109  7:00  Observer  
  109  7:06  Colossus  
  109  7:07  Probe x2  
  109  7:08  Probe  
  118  7:10  Charge, Observer  
  118  7:14  Forge  
  118  7:16  Forge  
  118  7:20  Probe, Gateway  
  118  7:22  Gateway, Zealot x3  
  125  7:23  Gateway  
  125  7:25  Pylon  
  125  7:38  Protoss Ground Weapons Level 1 (Chrono Boost)  
  125  7:42  Protoss Ground Armor Level 1 (Chrono Boost), Observer  
  125  7:43  Gateway  
  125  7:45  Gateway  
  125  7:50  Probe  
  125  7:51  Probe  
  125  7:55  Probe  
  127  8:00  Warp Prism, Stalker  
  127  8:01  Stalker  
  127  8:02  Nexus  
  133  8:07  Pylon  
  133  8:12  Robotics Facility  
  133  8:15  Probe x2  
  133  8:17  Probe, Templar Archives  
  133  8:19  Zealot x2  
  140  8:26  Stalker x2  
  144  8:27  Probe  
  145  8:42  Stalker  
  145  8:44  Probe x2  
  149  8:58  Pylon  
  149  8:59  Pylon x2  
  149  9:13  Assimilator, Disruptor x2  
  149  9:15  Assimilator  
  155  9:18  High Templar x4, Zealot x4  
  169  9:24  Archon  
  169  9:25  Archon  
  169  9:27  Photon Cannon  
  169  9:42  High Templar  
  169  9:43  High Templar  
  173  9:47  Gateway  
  173  9:49  Gateway, Disruptor x2  
  173  9:52  Gateway x2  
  177  9:54  Archon  
  177  10:01  Zealot x3  
  177  10:04  Pylon  
  183  10:07  Pylon  
  179  10:19  Zealot x5  
Tags
 
Add a new tag
Caveats
  • Supply blocks, unpowered buildings, or Contaminate may cause inaccurate times.
  • Supply counts are checked every 10 seconds.